 Dungeon Crawl Stone Soup version 0.31-a0-940-gdaa99269f9 (webtiles) character file.

Game seed: 9019855178962205781

2912 voltaire321 the Stinger (level 9, -6/68 HPs)
             Began as a Demonspawn Venom Mage on Oct 20, 2023.
             Was a Believer of Makhleb.
             Mangled by an orc warrior
             ... wielding a +0 halberd
              (10 damage)
             ... on level 7 of the Dungeon.
             The game lasted 00:23:44 (7064 turns).

voltaire321 the Stinger (Demonspawn Venom Mage)     Turns: 7064, Time: 00:23:45

Health: -6/68      AC:  9    Str: 13    XL:     9   Next: 49%
Magic:  16/16      EV: 19    Int: 17    God:    Makhleb [**....]
Gold:   311        SH:  0    Dex: 19    Spells: 13/18 levels left

rFire   . . .        t - +0 battleaxe
rCold   . . .        (shield currently unavailable)
rNeg    . . .        c - +0 leather armour
rPois   .            (helmet restricted)
rElec   .            G - +0 cloak
rCorr   .            p - +1 Delatra's gloves {ID++}
SInv    .            m - +1 pair of boots
Will    .....        E - amulet of reflection
Stlth   +            o - +5 ring of evasion
HPRegen 0.31/turn    B - +6 ring of dexterity
MPRegen 0.15/turn

%: reflection
@: confused
A: antennae 2, large bone plates 1, powered by death 3
a: Renounce Religion, Minor Destruction


You were on level 7 of the Dungeon.
You worshipped Makhleb.
Makhleb was pleased with you.
You visited 1 branch of the dungeon, and saw 7 of its levels.
You also visited: Ossuary.

You collected 311 gold pieces.

Inventory:

Hand Weapons
 l - a +0 short sword
 t - a +0 battleaxe (weapon)
Missiles
 C - 8 javelins
Armour
 c - a +0 leather armour (worn)
 m - a +1 pair of boots (worn)
 p - the +1 Delatra's gloves (worn) {ID++}
   (You found it on level 2 of the Dungeon)

   ID++:      It heals its wearer when they drink unknown potions, and restores
   their MP when they read unknown scrolls.
 z - the +3 plate armour "Aguxicw" {rN+ Dex+3}
   (You found it on level 3 of the Dungeon)

   Dex+3:     It affects your dexterity (+3).
   rN+:       It protects you from negative energy.
 G - a +0 cloak (worn)
Jewellery
 o - a +5 ring of evasion (left hand)
 w - a +6 ring of intelligence
 B - a +6 ring of dexterity (right hand)
 E - an amulet of reflection (around neck)
 H - a ring of fire
Talismans
 g - a dragon-blood talisman
Wands
 a - a wand of iceblast (18)
 F - a wand of acid (10)
Scrolls
 d - 2 scrolls of fear
 f - 5 scrolls of identify
 h - a scroll of blinking
 i - 3 scrolls of vulnerability {unknown}
 k - a scroll of poison {unknown}
 q - 2 scrolls of enchant weapon {unknown}
 r - 3 scrolls of teleportation {unknown}
 s - 2 scrolls of torment {unknown}
 u - 2 scrolls of amnesia {unknown}
 y - 2 scrolls of noise {unknown}
 D - 2 scrolls of fog {unknown}
 I - a scroll of revelation {unknown}
Potions
 b - 4 potions of magic
 e - 3 potions of attraction
 j - a potion of mutation {unknown}
 n - a potion of enlightenment {unknown}
 v - a potion of heal wounds {unknown}
 x - a potion of cancellation {unknown}
 A - a potion of lignification


   Skills:
 + Level 5.3 Fighting
 + Level 3.6 Axes
 + Level 4.5 Armour
 + Level 5.1 Dodging
 - Level 1.7 Stealth
 - Level 5.0 Spellcasting
 - Level 1.0 Transmutations
 + Level 6.0 Poison Magic
 + Level 5.1 Invocations


You had 13 spell levels left.
You knew the following spells:

 Your Spells              Type           Power      Damage    Failure   Level
a - Sting                 Tmut/Pois      64%        1d6       4%          1
b - Olgreb's Toxic Radia  Pois           24%        N/A       14%         4

Your spell library contained the following spells:

 Spells                   Type           Power      Damage    Failure   Level
 Poisonous Vapours        Pois/Air       28%        N/A       8%          2
 Necrotise                Necr           16%        1d4       17%         1
 Mephitic Cloud           Conj/Pois/Air  11%        N/A       22%         3
 Tukima's Dance           Hex            4%         N/A       45%         3
 Vampiric Draining        Necr           4%         2d6       45%         3
 Dimensional Bullseye     Hex/Tloc       2%         N/A       86%         4
 Iskenderun's Mystic Bla  Conj/Tloc      4%         2d3       86%         4
 Agony                    Necr           4%         N/A       99%         5


Dungeon Overview and Level Annotations

Branches:
Dungeon (7/15)             Temple (0/1) D:6         Ossuary (visited)

Altars:
Makhleb
Uskayaw
Wu Jian
Yredelemnul

Shops:
D:5 [


Innate Abilities, Weirdness & Mutations

You have a pair of antennae on your head.
You are partially covered in large bone plates. (SH +4)
You regenerate a lot of health from kills.


Message History

The orc wizard gestures wildly while chanting.
The orc wizard flickers and vanishes!
You hear some strange, mumbled words.
A magic dart appears from out of thin air!
The magic dart hits you.
The kobold hits the bush but does no damage.
The orc warrior hits you with a +0 halberd!
Something completely misses you.
You slash something! You barely miss something.
You closely miss the orc warrior.
The kobold hits the bush but does no damage.
Something barely misses you. The orc warrior misses you. Something hits you.
The orc throws a stone.
The stone closely misses you.
You hit the orc warrior.
The orc warrior is severely wounded.
You miss something. x2
The kobold hits the bush but does no damage.
Something hits you but does no damage.
The orc warrior hits you with a +0 halberd!
* * * LOW HITPOINT WARNING * * *
Something barely misses you.
You hear some strange, mumbled words.
You are confused.
The kobold hits the bush but does no damage.
The orc warrior closely misses you. Something misses you.
You're too confused to move!
The kobold hits the bush but does no damage.
Something barely misses you. The orc warrior misses you.
You hear some strange, mumbled words.
A puff of flame appears from out of thin air!
The puff of flame hits you!
* * * LOW HITPOINT WARNING * * *
The orc throws a stone.
Okay, then.
You are too confused!
You're too confused to move!
The kobold hits the bush but does no damage.
Something hits you but does no damage.
The orc warrior hits you with a +0 halberd!
You die... .....?... ......> ###..#.##.. #.......... #.))....... #..PPPPPPP. #..PPPPPPP

#.K{o...PP #.o{@...PP
#.≈≈§§§.PP .
#...§§§.PP..
##.._.≈§.PP..
#.....≈...............
#)....................
#..###.##.#...........
##.....# .##.........
#####.# .......


You could see an orc warrior, an orc and a kobold.

Vanquished Creatures
  Joseph (D:7)
  A slime creature (D:6)
  The ghost of ChaoticPyre the Sneak, an amateur SpEn of Dithmenos (D:4)
  An ice beast (D:7)
  A black bear (D:6)
  2 orc warriors (D:7)
  3 ogres
  2 kobold brigands
  An elf zombie (Ossuary)
  3 scorpions
  A bullfrog (D:7)
  A necrophage (D:4)
  9 killer bees (D:7)
  A centaur zombie (Ossuary)
  A human zombie (Ossuary)
  6 jellies
  An orc priest (D:7)
  Crazy Yiuf (D:5)
  A hound (D:6)
  2 sleepcaps
  3 iguanas
  An orc wizard (D:7)
  A hound skeleton (D:4)
  2 mummies (Ossuary)
  11 adders
  A shadow imp (D:7)
  2 white imps
  2 ufetubi (D:6)
  An adder zombie (Ossuary)
  5 worms
  4 dart slugs
  7 orcs
  9 ball pythons
  7 bats
  26 endoplasms
  A giant cockroach (D:3)
  4 goblins
  7 hobgoblins
  7 quokkas
  4 frilled lizards
  A goblin zombie (Ossuary)
  7 hobgoblin zombies (Ossuary)
  4 jackal zombies (Ossuary)
  18 kobolds
  10 kobold zombies (Ossuary)
  10 orc zombies (Ossuary)
  3 rats
  A rat zombie (Ossuary)
199 creatures vanquished.

Notes
Turn   | Place    | Note
-------+----------+-------------------------------------------
     0 | D:1      | voltaire321 the Demonspawn Venom Mage began the quest for
                  | the Orb.
     0 | D:1      | Reached XP level 1. HP: 13/13 MP: 3/3
   114 | D:1      | Reached skill level 1 in Transmutations
   174 | D:1      | Gained mutation: You have a pair of small antennae on your
                  | head. [demonic ancestry]
   174 | D:1      | Reached XP level 2. HP: 20/20 MP: 0/5
   957 | D:1      | Reached skill level 1 in Fighting
  1210 | D:2      | Reached XP level 3. HP: 26/26 MP: 0/6
  1337 | D:2      | Reached skill level 1 in Armour
  1798 | D:2      | Found a faded altar of an unknown god.
  1798 | D:2      | Noticed an ice devil
  2148 | D:2      | Gained mutation: You have a pair of antennae on your head.
                  | [demonic ancestry]
  2148 | D:2      | Reached XP level 4. HP: 32/32 MP: 3/7
  2217 | D:2      | Found the +1 Delatra's gloves {ID++}
  2239 | D:2      | Learned a level 4 spell: Olgreb's Toxic Radiance
  2570 | D:3      | You fall into a shaft and drop 3 floors!
  2881 | D:6      | Found a sand-covered staircase.
  2890 | Ossuary  | Entered an ossuary
  3152 | Ossuary  | Gained mutation: You regenerate a little health from kills.
                  | [demonic ancestry]
  3152 | Ossuary  | Reached XP level 5. HP: 22/38 MP: 9/9
  3288 | Ossuary  | Reached skill level 4 in Poison Magic
  3288 | Ossuary  | Gained mutation: You regenerate health from kills. [demonic
                  | ancestry]
  3288 | Ossuary  | Reached XP level 6. HP: 36/46 MP: 10/10
  3508 | D:5      | Entered Level 5 of the Dungeon
  3515 | D:5      | Found Fakkinin's Armour Shop.
  3525 | D:4      | Found a runed translucent gate.
  3525 | D:4      | Found a runed translucent gate.
  3525 | D:4      | Found a runed translucent gate.
  3739 | D:3      | Identified the +3 plate armour "Aguxicw" {rN+ Dex+3}
  3878 | D:3      | Found a hide-covered altar of Uskayaw.
  3878 | D:3      | Found a basalt altar of Yredelemnul.
  4144 | D:4      | Found a burning altar of Makhleb.
  4192 | D:4      | Became a worshipper of Makhleb the Destroyer
  4295 | D:4      | Gained mutation: You regenerate a lot of health from kills.
                  | [demonic ancestry]
  4295 | D:4      | Reached XP level 7. HP: 22/52 MP: 12/12
  4447 | D:4      | Reached skill level 1 in Invocations
  4495 | D:4      | Reached skill level 1 in Axes
  4721 | D:4      | Noticed ChaoticPyre's ghost (amateur SpEn)
  4794 | D:4      | Killed ChaoticPyre's ghost
  5376 | D:5      | Reached * piety under Makhleb
  5377 | D:5      | Reached XP level 8. HP: 60/60 MP: 10/14
  5581 | D:5      | Found a runed translucent door.
  5582 | D:5      | Noticed Crazy Yiuf
  5590 | D:5      | Killed Crazy Yiuf
  5906 | D:6      | Reached skill level 5 in Poison Magic
  6281 | D:6      | Noticed a slime creature
  6298 | D:6      | HP: 1/60 [slime creature (16)]
  6308 | D:6      | Killed a slime creature
  6478 | D:6      | Found a staircase to the Ecumenical Temple.
  6717 | D:7      | Reached ** piety under Makhleb
  6786 | D:7      | Gained mutation: You are partially covered in large bone
                  | plates. (SH +4) [demonic ancestry]
  6786 | D:7      | Reached XP level 9. HP: 11/66 MP: 16/16
  6888 | D:7      | Reached skill level 5 in Fighting
  6891 | D:7      | Reached skill level 5 in Spellcasting
  6961 | D:7      | Found an ornate altar of the Wu Jian Council.
  6964 | D:7      | Noticed Joseph
  6973 | D:7      | Killed Joseph
  6974 | D:7      | Reached skill level 5 in Dodging
  6974 | D:7      | Reached skill level 6 in Poison Magic
  6974 | D:7      | Reached skill level 5 in Invocations
  7064 | D:7      | Mangled by an orc warrior

Illustrated notes

Levels and vault maps discovered:
D:1:      co_arrival_square_in_a_square_in_a_square, layout_basic, minivault_23
D:2:      layout_loops_cross, dreamdust_ecumenical_altar_sealed_demon
D:3:      layout_rooms, amethyst_overflow_temple_binary, minmay_diced_spiral
D:4:      layout_loops_ring, makhleb_blood_cavern_becter,
          gammafunk_ghost_nasty_kobolds
D:5:      layout_basic, serial_shops, shop, serial_bayou_lake_a,
          uniq_crazy_yiuf_cottage
D:6:      lemuel_slime, layout_layer_cave, minmay_temple_entry_from_below_a,
          mainiacjoe_ossuary_entry_dusty_tomb
D:7:      layout_rooms, mainiacjoe_overflow_chevrons, kennysheep_mini,
          minmay_ruined_shrine, uniq_joseph

Skill      XL: |  1  2  3  4  5  6  7  8  9 |
---------------+----------------------------+-----
Transmutations | 1 |  1.0
Dodging        | 2 3 4 5 |  5.1
Fighting       | 1 2 3 4 5 |  5.3
Armour         | 1 2 3 4 |  4.5
Spellcasting   | 3 4 5 |  5.0
Poison Magic   | 4 5 6 |  6.0
Invocations    | 2 4 5 |  5.1
Axes           | 1 3 |  3.6
Stealth        | |  1.7

Action                     |  1- 3 |  4- 6 |  7- 9 || total
---------------------------+-------+-------+-------++-------
  Melee: Unarmed           |    15 |       |       ||    15
         Short sword       |    30 |   336 |       ||   366
         Punch             |     2 |     3 |       ||     5
         Battleaxe         |       |    94 |   289 ||   383
  Throw: Javelin           |       |       |    12 ||    12
   Cast: Sting             |    96 |    28 |    11 ||   135
         Olgreb's Toxic Ra |       |       |     2 ||     2
    Use: Scroll            |       |     3 |     3 ||     6
         Potion            |       |     2 |     3 ||     5
   Stab: Sleeping          |       |     2 |     2 ||     4
 Armour: Robe              |    14 |       |       ||    14
         Leather armour    |    13 |   206 |   194 ||   413
         Skin              |       |     1 |       ||     1
  Dodge: Dodged            |    48 |   443 |   378 ||   869
  Block: Other             |       |       |   112 ||   112
         Reflection        |       |       |     3 ||     3

Table legend: (Time is in decaauts)
 A = Elapsed time spent in this place.
 B = Non-inter-level travel time spent in this place.
 C = Inter-level travel time spent in this place.
 D = Time resting spent in this place.
 E = Time spent auto-exploring this place.
 F = Levels seen in this place.
 G = Mean time per level.
                   A        B        C        D        E       F      G
               +--------+--------+--------+--------+--------+-----+--------+
         Total |   7338 |   7071 |    267 |    867 |   3935 |   8 |  917.2 |
       Dungeon |   6868 |   6601 |    267 |    865 |   3885 |   7 |  981.1 |
       Ossuary |    469 |    469 |      0 |      2 |     50 |   1 |  469.0 |
               +--------+--------+--------+--------+--------+-----+--------+

Top non-repeatable levels by time:
     D:6: 1492 daAuts
     D:2: 1298 daAuts
     D:1: 1201 daAuts
     D:4: 1191 daAuts
     D:5: 766 daAuts
     D:3: 499 daAuts
 Ossuary: 469 daAuts
     D:7: 419 daAuts
